 Dungeon Crawl Stone Soup version 0.22-a0-99-g1ac4c55 (webtiles) character file.

72364 dududu the Severer (level 15, 138/138 HPs)
             Began as a Hill Orc Artificer on Dec 21, 2017.
             Was an Elder of Beogh.
             Quit the game on level 15 of the Dungeon on Jan 25, 2018.
             The game lasted 02:55:53 (39541 turns).

dududu the Severer (Hill Orc Artificer)            Turns: 39541, Time: 02:55:54

Health: 138/138    AC: 23    Str: 22    XL:     15   Next: 39%
Magic:  27/27      EV: 10    Int:  8    God:    Beogh [****..]
Gold:   1485       SH:  0    Dex: 11    Spells: 14/14 levels left

rFire    . . .     SeeInvis .   a - +0 battleaxe
rCold    . . .     Gourm    .   (shield currently unavailable)
rNeg     . . .     Faith    .   Y - +0 plate armour
rPois    +         Spirit   .   Q - +1 helmet
rElec    .         Reflect  .   K - scarf {repulsion}
rCorr    .         Harm     .   H - +0 pair of gloves
MR       +++..     Rnd*Rage +   s - +1 pair of boots
Stlth    ..........             p - necklace of Bloodlust {*Rage +Rage MR++ Int-3 Slay+6 *Curse} (curse)
HPRegen  0.33/turn              L - +3 ring of protection
MPRegen  0.20/turn              E - ring of poison resistance

@: studying Axes, repel missiles
A: no striking features
a: Smiting, Recall Orcish Followers, Renounce Religion, Evoke Berserk Rage


You were on level 15 of the Dungeon.
You worshipped Beogh.
Beogh was greatly pleased with you.
You were near starving.

You visited 2 branches of the dungeon, and saw 21 of its levels.
You also visited: Ice Cave.

You collected 1485 gold pieces.

Inventory:

Hand Weapons
 a - a +0 battleaxe (weapon)
 b - the +8 whip "Snakebite" {curare, rPois}
   (You found it on level 15 of the Dungeon)

   It poisons the flesh of those it strikes.
   It protects you from poison.
 m - a +2 scimitar of flaming
 t - a +0 glaive
 w - a +0 blowgun
 A - a +2 war axe of electrocution
Missiles
 B - 71 poisoned needles
 C - 19 tomahawks (quivered)
Armour
 s - a +1 pair of boots (worn)
 y - a +2 ring mail of cold resistance
 H - a +0 pair of gloves (worn)
 K - a scarf of repulsion (worn)
 Q - a +1 helmet (worn)
 Y - a +0 plate armour (worn)
Jewellery
 p - the cursed necklace of Bloodlust (around neck) {*Rage +Rage MR++ Int-3 Slay+6 *Curse}
   (You found it on level 9 of the Dungeon)

   [amulet of rage]

   It affects your intelligence (-3).
   It affects your accuracy and damage with ranged weapons and melee attacks
   (+6).
   It affects your resistance to hostile enchantments.
   It lets you go berserk.
   It may make you go berserk in combat.
   It curses itself when equipped.
   It has a curse placed upon it.
 E - a ring of poison resistance (right hand)
 L - a +3 ring of protection (left hand)
Wands
 c - a wand of polymorph (11)
 d - a wand of enslavement (7)
 e - a wand of random effects (6)
 G - a wand of acid (7)
 N - a wand of disintegration (9)
 T - a wand of digging (27)
 Z - a wand of flame (79)
Scrolls
 h - 4 scrolls of remove curse
 n - 3 scrolls of immolation
 o - 6 scrolls of teleportation
 q - a scroll of blinking
 u - a scroll of magic mapping
 v - 3 scrolls of fog
 D - a scroll of enchant armour
 F - 2 scrolls of vulnerability
 I - 7 scrolls of identify
 M - 2 scrolls of enchant weapon
 V - 4 scrolls of fear
 X - a scroll of silence
Potions
 i - 2 potions of resistance
 j - 7 potions of curing
 k - 5 potions of flight
 r - 2 potions of magic
 x - 6 potions of brilliance
 J - 4 potions of might
 O - a potion of agility
 P - 3 potions of haste
 R - 2 potions of heal wounds
 S - 3 potions of berserk rage
 U - a potion of ambrosia
Books
 W - a manual of Axes
Miscellaneous
 g - a lightning rod (4/4)
Comestibles
 f - 49 rations


   Skills:
 + Level 14.0 Fighting
   Level 1.0 Short Blades
 - Level 20.0 Axes
 + Level 9.8 Armour
 - Level 7.9 Dodging
 - Level 0.7 Stealth
 + Level 16.6 Invocations
 - Level 5.0 Evocations


You had 14 spell levels left.
You didn't know any spells.

Dungeon Overview and Level Annotations

Branches:
Dungeon (15/15)            Temple (0/1) D:5            Lair (6/6) D:9
  Swamp (0/4) Lair:2        Snake (0/4) Lair:3        Slime (0/5) Lair:5
    Orc (0/2) D:11         Vaults (0/5) D:14         Depths (0/5) D:15

Altars:
Ashenzari
Elyvilon
Gozag
Hepliaklqana
Kikubaaqudgha
Sif Muna
Trog
Jiyva

Shops:
D:4 (

Annotations:
D:2 1 runed door, Sigmund
D:10 exclusion: door
Lair:3 1 runed door
Lair:4 Kirke; Moebius's ghost, journeyman DrBe
Lair:5 exclusion: door


Message History

You swap places.
You feel yourself speed up.
You recover from your berserk rage.
You swap places.
You swap places.
HP restored.
You are near starving!
You swap places.
You swap places.
You swap places.
You swap places.
Done exploring.
(D) Dungeon (T) Temple (L) Lair (S) Swamp (P) Snake Pit (M) Slime Pits (O) Orcish Mines (V) Vaults (U) Depths
Where to? (Enter - D:14 @ (x,y), ? - help)
Okay, then.
Unknown command.
You swap places.
Are you sure you want to abandon this character and quit the game? (Confirm with "yes".)

##>####.####..#####..#
###......#......#.o.##
#.≈.#.≈#.#.......#.#
#...#..###....#.#..#
###)####.####..#######
......#...##..###.#
..#.≈...≈.#....##.#
#######..........o###
#.# ###.......@...#
#.# ##...###o.#### #.#
#...#...#..# #.#
##......###.# #.#
#.....### #.# #.##
##......## #.#
#..###.....o..###.#
o...#..........#..##
###........#...#...#


You could see 2 friendly orc knights.

Vanquished Creatures
  Azrael (D:12)
  2 entropy weavers (Lair:6)
  A dire elephant (D:15)
  6 hydras
  Erolcha (D:12)
  A catoblepas (Lair:5)
  2 centaur warriors
  6 two-headed ogres
  Erica (D:9)
  2 dancing weapons (D:14)
  A queen ant (Lair:6)
  10 death yaks
  Sonja (D:14)
  3 skeletal warriors (D:15)
  A wolf spider (D:15)
  2 manticores
  A deep elf mage (D:15)
  4 cyclopes
  2 ugly things
  A salamander (D:15)
  3 elephants (Lair:6)
  6 black mambas
  12 spiny frogs
  An efreet (D:13)
  6 komodo dragons
  2 trolls (D:11)
  2 hornets
  Grinder (D:4)
  15 polar bears
  3 blink frogs
  8 hippogriffs
  A dream sheep (Lair:6)
  5 raiju (Lair:6)
  A spriggan (D:10)
  2 shadows
  A vampire (D:10)
  2 wraiths
  4 wyverns
  A fire elemental (D:12)
  3 hogs
  39 yaks
  2 basilisks
  A hungry ghost (D:11)
  4 wargs
  An acid dragon (D:11)
  5 nagas (Lair:3)
  5 soldier ants (Lair:6)
  13 water moccasins
  7 porcupines
  A swamp drake (D:11)
  13 black bears
  Duvessa (D:4)
  17 hell hounds
  3 phantoms
  5 sky beasts
  2 ice beasts
  4 orc warriors
  A hornet zombie (D:14)
  4 ogres
  21 wolves
  12 centaurs
  12 crocodiles
  3 big kobolds
  The ghost of Celandrion the Charmwright, an amateur FeSk (D:3)
  9 bullfrogs
  A scorpion (D:8)
  Dowan (D:4)
  6 killer bees
  12 wights
  2 electric eels
  2 howler monkeys
  3 crimson imps
  2 bullfrog zombies
  2 quasits
  A jelly (D:11)
  7 bullfrog skeletons
  4 orc priests
  A gnoll shaman (D:8)
  3 hounds
  9 orc wizards
  Ijyb (D:3)
  3 iguanas
  17 worker ants
  9 hell rats
  3 hound skeletons
  A worker ant zombie (D:9)
  12 adders
  2 shadow imps
  2 oozes (D:1)
  2 adder skeletons
  4 worms
  3 dart slugs
  3 leopard geckos
  38 orcs
  6 giant cockroaches
  6 goblins
  11 hobgoblins
  23 jackals
  15 kobolds
  2 quokkas
  2 ball pythons
  A ball python skeleton (D:4)
  A ball python zombie (D:5)
  6 bats
  2 frilled lizards
  2 jackal skeletons (D:4)
  2 leopard gecko zombies (D:5)
  A quokka zombie (D:5)
  6 rats
  5 fungi
  3 plants
564 creatures vanquished.

Vanquished Creatures (collateral kills)
  The ghost of Demitroll the Spear-Bearer, a journeyman DrFE of Vehumet (D:13)
  A hydra (D:15)
  2 two-headed ogres
  A centaur warrior (D:13)
  A wizard (D:15)
  2 ugly things
  A troll (D:13)
  A meliai (shapeshifter) (D:14)
  2 hippogriffs
  3 yaks
  2 ice beasts
  An ogre (D:12)
  2 orc wizards (D:11)
  A hell rat (Lair:6)
  A hound skeleton (D:11)
  A worm (D:2)
  4 orcs
  A goblin (D:2)
28 creatures vanquished.

Vanquished Creatures (others)
  An orc warrior (D:13)
  2 wolves (Lair:3)
  An orc wizard (Lair:6)
  An orc priest (D:4)
  11 orcs
  33 fungi
  41 plants
90 creatures vanquished.

Grand Total: 682 creatures vanquished

Notes
Turn   | Place    | Note
-------+----------+-------------------------------------------
     0 | D:1      | dududu the Hill Orc Artificer began the quest for the Orb.
     0 | D:1      | Reached XP level 1. HP: 16/16 MP: 3/3
   246 | D:1      | Reached XP level 2. HP: 20/24 MP: 4/4
   563 | D:1      | Reached XP level 3. HP: 28/29 MP: 5/5
   992 | D:2      | Found a white marble altar of Elyvilon.
   992 | D:2      | Found an ancient bone altar of Kikubaaqudgha.
   992 | D:2      | Found a bloodstained altar of Trog.
   993 | D:2      | Found a hazy altar of Hepliaklqana.
  1069 | D:2      | Reached skill level 1 in Armour
  1231 | D:2      | Found a runed door.
  1533 | D:2      | Reached skill level 1 in Axes
  1533 | D:2      | Reached XP level 4. HP: 14/37 MP: 6/6
  1738 | D:2      | Found a faded altar of an unknown god.
  1766 | D:2      | Noticed Sigmund
  1882 | D:3      | Reached skill level 2 in Axes
  1955 | D:3      | Noticed Celandrion's ghost (amateur FeSk)
  2439 | D:3      | Killed Celandrion's ghost
  2439 | D:3      | Reached skill level 4 in Axes
  2439 | D:3      | Reached XP level 5. HP: 36/42 MP: 7/7
  3220 | D:3      | Noticed Ijyb
  3227 | D:3      | Killed Ijyb
  3227 | D:3      | Reached skill level 5 in Axes
  3452 | D:4      | Reached XP level 6. HP: 50/50 MP: 8/8
  3480 | D:4      | Reached skill level 6 in Axes
  3699 | D:4      | Noticed Dowan
  3742 | D:4      | Killed Dowan
  3811 | D:4      | Noticed Duvessa
  3951 | D:4      | Reached XP level 7. HP: 54/57 MP: 9/9
  4000 | D:4      | Noticed Grinder
  4008 | D:4      | Killed Duvessa
  4008 | D:4      | Reached skill level 7 in Axes
  4017 | D:4      | Paralysed by Grinder for 7 turns
  4024 | D:4      | Became a worshipper of Beogh the Brigand
  4033 | D:4      | Killed Grinder
  4240 | D:4      | Found Qetzum's Weapon Emporium.
  4790 | D:4      | Reached skill level 5 in Fighting
  4790 | D:4      | Reached skill level 8 in Axes
  4790 | D:4      | Reached XP level 8. HP: 65/68 MP: 10/10
  4897 | D:4      | Reached * piety under Beogh
  5010 | D:5      | Entered Level 5 of the Dungeon
  5056 | D:5      | Found an opulent altar of Gozag.
  5280 | D:5      | Reached skill level 1 in Invocations
  5306 | D:5      | Found a staircase to the Ecumenical Temple.
  5486 | D:5      | Reached ** piety under Beogh
  5843 | D:5      | Found a deep blue altar of Sif Muna.
  6074 | D:6      | Reached skill level 9 in Axes
  6074 | D:6      | Reached skill level 5 in Armour
  6088 | D:6      | Upgraded the game from 0.21-a0-584-g185da8e to 0.21-a0-632-g1e37ce5
  6540 | D:6      | Reached XP level 9. HP: 77/77 MP: 12/12
  7025 | D:7      | Noticed a hornet
  7027 | D:7      | Killed a hornet
  7076 | D:7      | Reached skill level 5 in Invocations
  7256 | D:7      | Reached skill level 10 in Axes
  7414 | D:7      | Found the +4 robe of Augmentation {Str+4 Int+4 Dex+4}
  8597 | D:8      | Noticed a two-headed ogre
  8888 | D:8      | Killed a two-headed ogre
  8888 | D:8      | Reached skill level 11 in Axes
  8888 | D:8      | Reached XP level 10. HP: 48/86 MP: 15/15
  9163 | D:8      | Noticed a two-headed ogre
  9178 | D:8      | Killed a two-headed ogre
  9599 | D:9      | Noticed Erica
 10295 | D:9      | Killed Erica
 10295 | D:9      | Reached skill level 12 in Axes
 10307 | D:9      | Noticed a two-headed ogre
 10308 | D:9      | Killed a two-headed ogre
 10600 | D:9      | Noticed a two-headed ogre
 10666 | D:9      | Killed a two-headed ogre
 10666 | D:9      | Reached skill level 10 in Invocations
 10666 | D:9      | Reached XP level 11. HP: 50/95 MP: 18/18
 11006 | D:9      | Found a shattered altar of Ashenzari.
 11765 | D:9      | Found the cursed necklace of Bloodlust {*Rage +Rage MR++ Int-3 Slay+6 *Curse}
 12348 | D:8      | Reached skill level 13 in Axes
 12602 | D:9      | Found a staircase to the Lair.
 12681 | D:10     | Entered Level 10 of the Dungeon
 12720 | D:10     | Noticed a cyclops
 13604 | Lair:1   | Entered Level 1 of the Lair of Beasts
 13614 | Lair:1   | Found a frozen archway.
 14038 | IceCv    | Entered an ice cave
 14047 | IceCv    | HP: 3/97 [yak (7)]
 15084 | Lair:1   | Noticed a six-headed hydra
 15088 | Lair:1   | Killed a six-headed hydra
 16651 | Lair:2   | Found a staircase to the Swamp.
 16811 | Lair:2   | Reached skill level 14 in Axes
 18372 | Lair:3   | Reached XP level 12. HP: 69/106 MP: 20/20
 18392 | Lair:3   | Reached skill level 10 in Fighting
 19722 | Lair:3   | Reached skill level 15 in Axes
 19740 | Lair:3   | Reached *** piety under Beogh
 19784 | Lair:3   | Found a runed door.
 19793 | Lair:3   | Found a staircase to the Snake Pit.
 20152 | Lair:4   | Noticed a seven-headed hydra
 20158 | Lair:4   | Killed a seven-headed hydra
 20855 | Lair:4   | Noticed a seven-headed hydra
 20876 | Lair:4   | Killed a five-headed hydra
 21682 | Lair:4   | Noticed Moebius's ghost (journeyman DrBe)
 22540 | Lair:4   | Reached skill level 16 in Axes
 22869 | Lair:4   | Noticed Kirke
 23083 | Lair:5   | Found a runed door.
 23094 | Lair:5   | Noticed a death yak
 23096 | Lair:5   | Noticed a death yak
 23126 | Lair:4   | Killed a death yak
 23437 | Lair:5   | Found a staircase to the Slime Pits.
 23437 | Lair:5   | Found a viscous altar of Jiyva.
 24270 | Lair:5   | Killed a death yak
 24270 | Lair:5   | Reached XP level 13. HP: 58/116 MP: 22/22
 26113 | Lair:5   | Upgraded the game from 0.21-a0-632-g1e37ce5 to 0.22-a0-40-g3d2f077
 26134 | Lair:6   | Entered Level 6 of the Lair of Beasts
 26756 | Lair:6   | Reached skill level 5 in Evocations
 27931 | Lair:5   | Reached skill level 5 in Dodging
 28987 | Lair:6   | Noticed an entropy weaver
 28991 | Lair:6   | Killed an entropy weaver
 30242 | Lair:6   | Noticed an entropy weaver
 30245 | Lair:6   | Killed an entropy weaver
 30245 | Lair:6   | Reached XP level 14. HP: 127/127 MP: 17/24
 31621 | Lair:6   | Reached **** piety under Beogh
 32871 | Lair:5   | Reached skill level 15 in Invocations
 34633 | D:11     | Gained Murdo as an ally
 34725 | D:11     | Found a staircase to the Orcish Mines.
 35073 | D:11     | Upgraded the game from 0.22-a0-40-g3d2f077 to 0.22-a0-99-g1ac4c55
 35470 | D:12     | Noticed Azrael
 35477 | D:12     | Killed Azrael
 35618 | D:12     | Noticed Erolcha
 35620 | D:12     | Killed Erolcha
 35889 | D:12     | Found a bloodstained altar of Trog.
 36008 | D:12     | Reached skill level 17 in Axes
 36526 | D:13     | Noticed Demitroll's ghost (journeyman DrFE)
 36536 | D:13     | Killed Demitroll's ghost
 37282 | D:14     | Reached skill level 18 in Axes
 37346 | D:14     | Found a gate to the Vaults.
 37349 | D:14     | Reached XP level 15. HP: 99/137 MP: 27/27
 37349 | D:14     | Gained Ugbert as an ally
 37691 | D:14     | Noticed Sonja
 37693 | D:14     | Killed Sonja
 37693 | D:14     | Reached skill level 19 in Axes
 37892 | D:15     | Entered Level 15 of the Dungeon
 38398 | D:15     | Found the +8 whip "Snakebite" {curare, rPois}
 38751 | D:15     | Found a staircase to the Depths.
 39379 | D:15     | Reached skill level 20 in Axes
 39541 | D:15     | Quit the game

Vault maps used:
D:1:      scummos_arrival_simple_fountains, minmay_heptomino_l4
D:2:      chequers_temple_overflow_statue_of_worship,
          chequers_ecumenical_altar_grove, uniq_crazy_yiuf_cottage, uniq_sigmund
D:3:      first_ration, uniq_ijyb
D:4:      black_bear_nest_2, serial_shops, shop, uniq_duvessa, uniq_grinder
D:5:      kennysheep_little_box, grunt_gozag_breadcrumbs,
          minmay_temple_entry_glassed_door
D:8:      minmay_four_partial_circles
D:9:      lemuel_ice_spiral_2, marbit_many_paths, lair_entry_dummy, uniq_erica
D:10:     the_bakery
D:11:     erik_orc_1, nicolae_straight_to_the_point
D:12:     trog_ov_bears_minmay, uniq_azrael, uniq_erolcha
D:14:     erik_vaults_1, minmay_crystal_room, uniq_sonja
D:15:     hangedman_depths_entry_try_elsewhere_first, serial_bayou_ford_a
Lair:1:   portal_ice_cave_entry_pillars_1, st_stairs_12
Lair:2:   swamp_mist
Lair:3:   gammafunk_mikee_crab_dinner, minmay_snake_entry_guardpost_medium,
          enter_volcano_3, beast_lair_carwin_3
Lair:4:   serial_bayou_pond_c, grunt_megastairs_5, lemuel_fruit_fields,
          lemuel_fruit_tree, uniq_kirke, uniq_rupert
Lair:5:   slime_altar_1, pf_torpor_hydra
Lair:6:   hangedman_lair_caniforms_friends, wad_woods_antlair
IceCv:    ice_cave_small_giant

Skill      XL: |  1  2  3  4  5  6  7  8  9 10 11 12 13 14 15 |
---------------+----------------------------------------------+-----
Fighting       | 2 3 5 6 7 8 9 11 12 13 14 | 14.0
Dodging        | 2 6 7 |  7.9
Armour         | 1 2 3 5 6 7 8 9 |  9.8
Axes           | 1 4 5 6 8 9 11 12 14 16 18 20 | 20.0
Invocations    | 4 7 10 11 13 14 16 | 16.6
Evocations     | 4 5 |  5.0
Short Blades   | |  1.0
Stealth        | |  0.7

Action                   |  1- 3 |  4- 6 |  7- 9 | 10-12 | 13-15 || total
-------------------------+-------+-------+-------+-------+-------++-------
Melee: Short sword       |   158 |       |     1 |       |       ||   159
       War axe           |    19 |    33 |    19 |   422 |   855 ||  1348
       Dagger            |       |   132 |   374 |   467 |       ||   973
       Scimitar          |       |       |       |     2 |     7 ||     9
       Battleaxe         |       |       |       |       |   367 ||   367
 Fire: Hunting sling     |       |       |    53 |   196 |   137 ||   386
       Blowgun           |       |       |       |    15 |       ||    15
Throw: Stone             |    31 |     5 |     7 |       |       ||    43
       Tomahawk          |       |    11 |    17 |    22 |    20 ||    70
Invok: Convert to Beogh  |       |       |     1 |       |       ||     1
       Smiting           |       |       |     2 |    13 |    18 ||    33
 Abil: Evoke Berserk Rag |       |       |       |       |     2 ||     2
Evoke: Wand              |     5 |    16 |     4 |    22 |    17 ||    64
       Lightning rod     |       |       |       |       |     4 ||     4
  Use: Scroll            |     1 |     4 |     1 |    14 |     7 ||    27
       Potion            |       |     2 |     2 |     9 |       ||    13
 Stab: Sleeping          |     1 |       |       |       |       ||     1
       Confused          |       |     1 |       |       |     1 ||     2
       Distracted        |       |       |       |       |     4 ||     4
  Eat: Chunk             |     2 |     8 |     8 |    30 |    38 ||    86
       Ration            |       |       |     2 |     6 |     4 ||    12
Armor: Leather armour    |     4 |       |       |       |       ||     4
       Ring mail         |    53 |    49 |   154 |   178 |       ||   434
       Chain mail        |       |       |       |   161 |   471 ||   632
       Plate armour      |       |       |       |       |   197 ||   197
Dodge: Dodged            |    79 |    48 |   134 |   244 |   420 ||   925
       Deflected         |       |       |       |    11 |    10 ||    21
Block: Shield            |    66 |    45 |   142 |   318 |   267 ||   838
       Rpst.: Scimitar   |       |       |       |     1 |       ||     1

Table legend:
 A = Spawn XP
 B = Non-spawn XP
 C = Spawn XP percentage of total XP
 D = Spawn monster count
 E = Non-spawn monster count
 F = Spawn count percentage of total count
 G = Total turns spent on level
                    A         B        C        D         E        F      G
               +---------+---------+-------+---------+---------+-------+---------
         Total |       0 |  103378 |   0.0 |       0 |     583 |   0.0 | 39541
               +---------+---------+-------+---------+---------+-------+---------
           D:1 |       0 |      50 |   0.0 |       0 |      21 |   0.0 |  1005
           D:2 |       0 |      43 |   0.0 |       0 |      16 |   0.0 |  1243
           D:3 |       0 |     257 |   0.0 |       0 |      29 |   0.0 |  1253
           D:4 |       0 |    1047 |   0.0 |       0 |      42 |   0.0 |  1666
           D:5 |       0 |     505 |   0.0 |       0 |      23 |   0.0 |   921
           D:6 |       0 |     573 |   0.0 |       0 |       9 |   0.0 |   785
           D:7 |       0 |     674 |   0.0 |       0 |       7 |   0.0 |   973
           D:8 |       0 |    3594 |   0.0 |       0 |      34 |   0.0 |  2842
           D:9 |       0 |    5163 |   0.0 |       0 |      49 |   0.0 |  3416
          D:10 |       0 |    1345 |   0.0 |       0 |      20 |   0.0 |  1255
          D:11 |       0 |    3902 |   0.0 |       0 |      25 |   0.0 |  1312
          D:12 |       0 |    6063 |   0.0 |       0 |      28 |   0.0 |   818
          D:13 |       0 |    4884 |   0.0 |       0 |      16 |   0.0 |   959
          D:14 |       0 |    7805 |   0.0 |       0 |      20 |   0.0 |   682
          D:15 |       0 |   11302 |   0.0 |       0 |      27 |   0.0 |  1647
        Lair:1 |       0 |    3893 |   0.0 |       0 |      15 |   0.0 |  2016
        Lair:2 |       0 |    1932 |   0.0 |       0 |      12 |   0.0 |  1941
        Lair:3 |       0 |    5151 |   0.0 |       0 |      28 |   0.0 |  3181
        Lair:4 |       0 |    8451 |   0.0 |       0 |      25 |   0.0 |  2604
        Lair:5 |       0 |    9349 |   0.0 |       0 |      35 |   0.0 |  3165
        Lair:6 |       0 |   27395 |   0.0 |       0 |     102 |   0.0 |  5842
               +---------+---------+-------+---------+---------+-------+---------
